 Dungeon Crawl Stone Soup version 0.30-a0-1075-gcd70e7a56d (webtiles) character file.

Game seed: 7177732392374369279

48 holysushi the Conjurer (level 3, 0/26 HPs)
             Began as a Demonspawn Conjurer on Apr 15, 2023.
             Succumbed to a goblin's poison
             ... on level 2 of the Dungeon.
             The game lasted 00:01:45 (1589 turns).

holysushi the Conjurer (Demonspawn Conjurer)        Turns: 1589, Time: 00:01:45

Health: 0/26       AC:  2    Str:  7    XL:     3   Next: 50%
Magic:  8/8        EV: 12    Int: 21    God:
Gold:   99         SH:  0    Dex: 11    Spells: 8/9 levels left

rFire   . . .      SeeInvis .    e - +1 whip (elec)
rCold   . . .      Faith    .    (no shield)
rNeg    . . .      Spirit   .    a - +0 robe
rPois   .          Reflect  .    (helmet restricted)
rElec   .          Rampage  .    (no cloak)
rCorr   .          Rnd*Tele +    (no gloves)
Will    .....                    (no boots)
Stlth   ++                       (no amulet)
HPRegen 0.24/turn                (no ring)
MPRegen 0.11/turn                (no ring)

@: brilliant, lethally poisoned (0 -> -7)
A: antennae 1, robust 1, teleportitis 1
a: no special abilities


You were on level 2 of the Dungeon.
You visited 1 branch of the dungeon, and saw 2 of its levels.

You collected 99 gold pieces.

Inventory:

Hand Weapons
 e - a +1 whip of electrocution (weapon)
Armour
 a - a +0 robe (worn)
Scrolls
 c - 2 scrolls of identify {unknown}
 d - a scroll of torment {unknown}
 h - a scroll of enchant armour {unknown}
 j - a scroll of teleportation {unknown}
Potions
 b - a potion of magic
 i - a potion of invisibility {unknown}


   Skills:
 - Level 1.7 Dodging
 - Level 1.7 Stealth
 + Level 3.7 Spellcasting
 - Level 4.0 Conjurations


You had 8 spell levels left.
You knew the following spells:

 Your Spells              Type           Power      Damage    Failure   Level
a - Magic Dart            Conj           100%       1d8       2%          1

Your spell library contained the following spells:

 Spells                   Type           Power      Damage    Failure   Level
 Searing Ray              Conj           62%        2d6       3%          2
 Dazzling Flash           Conj/Hex       36%        N/A       16%         3
 Fulminant Prism          Conj/Hex       9%         3d7       47%         4
 Iskenderun's Mystic Bla  Conj/Tloc      18%        2d6       47%         4
 Agony                    Necr           5%         N/A       98%         5
 Silence                  Hex/Air        2%         N/A       98%         5


Dungeon Overview and Level Annotations

Branches:
Dungeon (2/15) Zot: 10408

Altars:


Innate Abilities, Weirdness & Mutations

You have a pair of small antennae on your head.
You are robust. (+10% HP)
You are occasionally teleported next to monsters.


Message History

You kill the jackal!
You hit the jackal.
The jackal is lightly wounded.
The jackal closely misses you. The jackal completely misses you.
You closely miss the jackal.
The jackal is lightly wounded.
The jackal closely misses you.
You hit the jackal.
You kill the jackal!
You hit the goblin. Your punch misses the goblin.
The goblin is moderately wounded.
The goblin hits you with a +2 dagger of venom.
You are poisoned.
You hit the goblin.
The goblin is severely wounded.
You feel very sick. The goblin misses you.
You closely miss the goblin.
The goblin is severely wounded.
You feel sick.
The goblin hits you with a +2 dagger of venom.
You barely miss the goblin.
The goblin is severely wounded.
You feel sick.
The goblin hits you with a +2 dagger of venom.
You are lethally poisoned!
The goblin hits you with a +2 dagger of venom.
* * * LOW HITPOINT WARNING * * *
You are too injured to fight recklessly!
You hit the goblin.
You kill the goblin!
* * * LOW HITPOINT WARNING * * *
You feel very sick.
It was a potion of brilliance.
You feel clever all of a sudden.
* * * LOW HITPOINT WARNING * * *
You feel sick.
It was a potion of mutation.
You feel extremely strange.
You feel robust.
You feel weirdly uncertain.
You die...

.. .♣# ..# ..♣ #.. ##
#. .##.♣ .... #.
.##)# ..#.#####.
##.##@#
.##.....#.##.<##.####
# ##................#
###.....##..####.####
........##...†...#
.....)......####.##
........>#### #..###
........### #....#
....###...## #....#


There were no monsters in sight!

Vanquished Creatures
  A worm (D:2)
  A dart slug (D:1)
  3 endoplasms (D:1)
  2 giant cockroaches (D:1)
  2 goblins
  2 hobgoblins (D:1)
  10 jackals
  4 kobolds
  A quokka (D:1)
  2 ball pythons (D:1)
  5 bats (D:1)
  A frilled lizard (D:1)
  3 rats
37 creatures vanquished.

Notes
Turn   | Place    | Note
-------+----------+-------------------------------------------
     0 | D:1      | holysushi the Demonspawn Conjurer began the quest for the
                  | Orb.
     0 | D:1      | Reached XP level 1. HP: 13/13 MP: 3/3
   190 | D:1      | Gained mutation: You have a pair of small antennae on your
                  | head. [demonic ancestry]
   190 | D:1      | Reached XP level 2. HP: 19/19 MP: 3/5
  1033 | D:1      | Reached XP level 3. HP: 24/24 MP: 3/7
  1343 | D:1      | Found a faded altar of an unknown god.
  1589 | D:2      | Gained mutation: You are robust. (+10% HP) [potion of
                  | mutation]
  1589 | D:2      | Gained mutation: You are occasionally teleported next to
                  | monsters. [potion of mutation]
  1589 | D:2      | Succumbed to a goblin's poison

Illustrated notes

Levels and vault maps discovered:
D:1:      psy_arrival_statuary, layout_loops_ring,
          hellmonk_ecumenical_altar_inner_sanctum, nicolae_titane
D:2:      layout_rooms, serial_forest, infiniplex_forest_clump_tiny,
          infiniplex_forest_lined_2, infiniplex_forest_lined_2,
          infiniplex_forest_end_1, infiniplex_forest_straight_4,
          infiniplex_forest_clump_medium, infiniplex_forest_lined_2,
          infiniplex_forest_straight_2, minmay_close_crescents

Skill      XL: |  1  2 |
---------------+-------+-----
Spellcasting   | 3 |  3.7
Dodging        | |  1.7
Stealth        | |  1.7
Conjurations   | |  4.0

Action                     || total
---------------------------++-------
  Melee: Unarmed           ||     8
         Whip              ||    36
   Cast: Magic Dart        ||    56
    Use: Potion            ||     2
 Armour: Robe              ||    13
  Dodge: Dodged            ||    23

Table legend: (Time is in decaauts)
 A = Elapsed time spent in this place.
 B = Non-inter-level travel time spent in this place.
 C = Inter-level travel time spent in this place.
 D = Time resting spent in this place.
 E = Time spent auto-exploring this place.
 F = Levels seen in this place.
 G = Mean time per level.
                   A        B        C        D        E       F      G
               +--------+--------+--------+--------+--------+-----+--------+
         Total |   1591 |   1576 |     15 |    291 |   1013 |   2 |  795.5 |
       Dungeon |   1591 |   1576 |     15 |    291 |   1013 |   2 |  795.5 |
               +--------+--------+--------+--------+--------+-----+--------+

Top non-repeatable levels by time:
     D:1: 1365 daAuts
     D:2: 226 daAuts
